 Dungeon Crawl Stone Soup version 0.20.1-1-g8b1a95d (webtiles) character file.

185 Ijustatesigmund the Sneak (level 5, -4/36 HPs)
             Began as an Octopode Assassin on Sept 23, 2017.
             Slain by a worm (7 damage)
             ... in a sewer.
             The game lasted 00:05:06 (2349 turns).

Ijustatesigmund the Sneak (Octopode Assassin)       Turns: 2349, Time: 00:05:07

Health: -4/36      AC:  1    Str:  9 (10) XL:     5   Next: 64%
Magic:  5/5        EV: 14    Int: 12 (13) God:
Gold:   146        SH:  0    Dex: 14 (15) Spells: 4/4 levels left

rFire    . . .     SeeInvis .   e - +0 morningstar
rCold    + . .     Gourm    .   (no shield)
rNeg     . . .     Faith    .   (helmet restricted)
rPois    .         Spirit   .   (no amulet)
rElec    .         Reflect  .   i - ring of protection from cold
rCorr    .         Harm     .   (no ring)
MR       .....                  (no ring)
Stlth    ++++......             (no ring)
Regen    0.2/turn               (no ring)
MPRegen  0.1/turn               (no ring)
                                (no ring)
                                (no ring)

@: no status effects
A: almost no armour, stealthy swim, amphibious, 8 rings, constrict 8, camouflage
1, gelatinous body 1
a: no special abilities


You were in a sewer.
You were not hungry.

You visited 1 branch of the dungeon, and saw 3 of its levels.
You also visited: Sewer.

You collected 146 gold pieces.

Inventory:

Hand Weapons
 b - a +0 blowgun
 e - a +0 morningstar (weapon)
Missiles
 c - 8 poisoned needles
 d - 2 curare-tipped needles
Jewellery
 i - a ring of protection from cold (left tentacle)
Scrolls
 a - a scroll of teleportation
Potions
 k - a potion of agility
 n - a potion of brilliance
Comestibles
 f - a bread ration


   Skills:
 - Level 3.6 Fighting
   Level 2.0 Short Blades
 + Level 2.2 Maces & Flails
 - Level 2.0 Throwing
 - Level 3.4 Dodging
 - Level 5.3 Stealth


You had 4 spell levels left.
You didn't know any spells.

Dungeon Overview and Level Annotations

Branches:
Dungeon (3/15)

Altars:


Innate Abilities, Weirdness & Mutations

You cannot wear most types of armour.
You are very stealthy in the water. (Stealth+)
You are amphibious.
You can wear up to eight rings at the same time.
You can use your tentacles to constrict eight enemies at once.
Your skin changes colour to match your surroundings (Stealth+).
Your rubbery body absorbs attacks. (AC +1, EV +1)


Message History

The worm is almost dead.
You constrict the worm.
You kill the worm!
The worm bites you. The worm bites you but does no damage. The worm bites you!
You sock the worm! Your grab misses the worm.
The worm is severely wounded.
The worm barely misses you. The worm misses you.
You hit the worm. Your grab misses the worm.
The worm is severely wounded.
The worm closely misses you. The worm barely misses you. The worm bites you!
* * * LOW HITPOINT WARNING * * *
You are too injured to fight recklessly!
You are too injured to fight recklessly!
You are too injured to fight recklessly!
You thump the worm! Your grab misses the worm.
The worm is severely wounded.
The worm barely misses you. The worm bites you.
* * * LOW HITPOINT WARNING * * *
The worm bites you!
You die...

≈≈≈≈≈ ≈≈≈.# ≈≈≈≈. ≈≈≈≈# #####
#≈≈≈# #≈≈.# #≈≈≈#
+#####++#####≈≈≈#
.........≈.≈≈≈≈.#
..........≈.≈≈≈.#
#####w@#####≈≈≈# #..ww# #≈≈.#
###### #≈≈≈#
######################≈≈≈######
.≈.≈≈≈.≈≈≈≈≈≈≈≈≈≈...≈≈≈≈≈≈≈≈≈≈≈
≈≈≈≈≈≈≈≈≈≈≈≈≈≈≈≈≈≈≈≈≈≈≈≈.≈≈≈≈≈≈
≈≈.≈..≈≈≈≈≈≈≈≈≈≈.≈≈†≈≈≈≈≈≈≈≈≈≈≈
###############################


You could see 3 worms.

Vanquished Creatures
  An orc wizard (D:3)
  5 adders
  5 worms
  2 dart slugs
  3 leopard geckos
  6 orcs (D:3)
  3 ball pythons
  10 bats
  7 giant cockroaches
  9 goblins
  14 hobgoblins
  4 jackals (Sewer)
  4 frilled lizards
  5 kobolds
  8 rats
86 creatures vanquished.

Notes
Turn   | Place    | Note
-------+----------+-------------------------------------------
     0 | D:1      | Ijustatesigmund the Octopode Assassin began the quest for the Orb.
     0 | D:1      | Reached XP level 1. HP: 14/14 MP: 1/1
   232 | D:1      | Reached XP level 2. HP: 13/19 MP: 2/2
   519 | D:1      | Reached XP level 3. HP: 25/25 MP: 3/3
  1134 | D:2      | Reached XP level 4. HP: 31/31 MP: 4/4
  1645 | D:3      | Reached XP level 5. HP: 36/36 MP: 5/5
  1759 | D:3      | Reached skill level 1 in Maces & Flails
  1853 | D:3      | Found a glowing drain.
  1891 | Sewer    | Entered a sewer
  1901 | Sewer    | HP: 1/36 [bat (1)]
  2349 | Sewer    | Slain by a worm

Skill      XL: |  1  2  3  4  5 |
---------------+----------------+-----
Dodging        | 2 3 |  3.4
Fighting       | 3 |  3.6
Maces & Flails | 2 |  2.2
Short Blades   | |  2.0
Throwing       | |  2.0
Stealth        | |  5.3

Action                   |  1- 3 |  4- 6 || total
-------------------------+-------+-------++-------
Melee: Dagger            |    64 |    25 ||    89
       Constrict         |    16 |    23 ||    39
       Tentacles         |     9 |    19 ||    28
       Morningstar       |       |    69 ||    69
  Use: Scroll            |     1 |     6 ||     7
       Potion            |       |     3 ||     3
 Stab: Sleeping          |    18 |    11 ||    29
  Eat: Chunk             |       |     3 ||     3
       Royal jelly       |       |     1 ||     1
Armor: Skin              |     3 |    10 ||    13
Dodge: Dodged            |    21 |   104 ||   125
